AoeStats
← BENNNET

Arabia

509692722Analyzed
1v1 RM · 4d ago on Sep 27, 2026· 46m 39s· 2 players
Game mode
Random Map
Map size
Tiny (2 player)
Population
200
Speed
Normal
Resources
Standard
Victory
Conquest
Starting age
Dark Age
Ending age
Imperial Age
RankedLock teamsTeams togetherTeam positionsShared explorationLock speedFull tech treeHidden civsTurbo modeCheats
Victory
Defeat
🇪🇨 Berbers · Ecuador
1170
+17
🇱🇧 Sicilians · Lebanon
1191
-17
BENNNET
6:02 Loom
9:09 Feudal Age
9:31 Man-at-Arms
16:07 Scale Mail Armor
16:44 Forging
23:04 Castle Age
21:28 Gold Mining
22:56 Double-Bit Axe
23:39 Arson
23:30 Long Swordsman
24:11 Squires
25:50 Iron Casting
26:49 Chain Mail Armor
27:12 Stone Mining
33:37 Bow Saw
35:50 Bloodlines
39:24 Imperial Age
37:32 Wheelbarrow
36:43 Town Watch
39:19 Hand Cart
39:54 Two-Handed Swordsman
42:00 Champion
43:30 Plate Mail Armor
44:03 Town Patrol
45:26 Blast Furnace
45:07 Husbandry
46:06 Ballistics
46:46 Chemistry
46:33 Conscription
Kanso
6:58 Loom
9:45 Feudal Age
13:40 Double-Bit Axe
16:31 Scale Mail Armor
18:47 Forging
21:52 Wheelbarrow
27:05 Castle Age
25:03 Horse Collar
25:23 Gold Mining
28:30 Iron Casting
27:47 Gambesons
31:58 Bow Saw
33:09 Chain Mail Armor
34:03 Squires
37:19 Arson
45:39 Imperial Age
44:12 Hand Cart
45:42 Elite Serjeant
Connection lost

Rejoining the realm…

Still unreachable

The connection could not be restored.

Session expired

The server has moved on; the page needs a fresh start.